TOP OF THE 1ST |
Key West Barracudas batting - Pitching for West Virginia Power : RHP Enrique Rúbio
|
Pitching: RHP Enrique Rúbio
|
|
Batting: SHB Rodney Birling
|
0-0: Ball 1-0: Ball 2-0: Foul Ball, location: 2F 2-1: Swinging Strike 2-2: Foul Ball, location: 2F 2-2: Foul Ball, location: 2F 2-2: Ball 3-2: Foul Ball, location: 2F 3-2: Strikes out swinging
|
Batting: SHB Patrick Larson
|
0-0: Fly out, F7 (Flyball, 7LMF)
|
Batting: SHB Víctor Serrano
|
0-0: Ball 1-0: Swinging Strike 1-1: Fly out, F5 (Popup, 5DF)
|
Top of the 1st over - 0 run(s), 0 hit(s), 0 error(s), 0 left on base; Key West 0 - West Virginia 0 |
BOTTOM OF THE 1ST |
West Virginia Power batting - Pitching for Key West Barracudas : LHP Pedro Santana
|
Pitching: LHP Pedro Santana
|
|
Batting: RHB Alfonso Huertas
|
0-0: Ball 1-0: Ball 2-0: Foul Ball, location: 2F 2-1: Ball 3-1: Foul Ball, location: 2F 3-2: Strikes out swinging
|
Batting: RHB Vicente Torres
|
0-0: Ball 1-0: DOUBLE (Flyball, 9D)
|
Batting: RHB Wilson Gonzáles
|
0-0: Foul Ball, location: 2F 0-1: SINGLE (Groundball, 34D) Vicente Torres to third Runner from 3rd tries for Home, SAFE, no throw or cutoff
|
Batting: RHB Cristián Herrera
|
0-0: Ball 1-0: Foul Ball, location: 2F 1-1: Ball 2-1: Ball 3-1: Foul Ball, location: 2F 3-2: Foul Ball, location: 2F 3-2: Strikes out swinging
|
Batting: LHB Ernie Jackson
|
0-0: Ball 1-0: Fly out, F8 (Flyball, 8LD)
|
Bottom of the 1st over - 1 run(s), 2 hit(s), 0 error(s), 1 left on base; Key West 0 - West Virginia 1 |
TOP OF THE 2ND |
Key West Barracudas batting - Pitching for West Virginia Power : RHP Enrique Rúbio
|
Batting: RHB Carlos Miranda
|
0-0: Ball 1-0: Swinging Strike 1-1: Foul Ball, location: 2F 1-2: Ball 2-2: Foul Ball, location: 2F 2-2: Strikes out swinging
|
Batting: RHB Dan Craft
|
0-0: Fly out, F9 (Flyball, 9M)
|
Batting: LHB Jake Wells
|
0-0: Ball 1-0: Called Strike 1-1: Ball 2-1: Foul Ball, location: 2F 2-2: Strikes out swinging
|
Top of the 2nd over - 0 run(s), 0 hit(s), 0 error(s), 0 left on base; Key West 0 - West Virginia 1 |
BOTTOM OF THE 2ND |
West Virginia Power batting - Pitching for Key West Barracudas : LHP Pedro Santana
|
Batting: RHB Raúl Torres
|
0-0: Swinging Strike 0-1: Bunt missed! 0-2: Strikes out swinging
|
Batting: RHB Tyler Baker
|
0-0: Ball 1-0: Ball 2-0: Fly out, F3 (Popup, 3DF)
|
Batting: RHB Jorge Ramírez
|
0-0: Swinging Strike 0-1: DOUBLE (Flyball, 9D)
|
Batting: LHB Luis Pérez
|
0-0: Swinging Strike 0-1: Ball 1-1: Ball 2-1: Ball 3-1: Called Strike 3-2: Base on Balls
|
Batting: RHB Alfonso Huertas
|
0-0: Ball Error on foul ball, E7 1-1: Ball 2-1: Foul Ball, location: 2F 2-2: Foul Ball, location: 2F 2-2: Foul Ball, location: 2F 2-2: Ball 3-2: Hit by Pitch Jorge Ramírez to third Luis Pérez to second
|
Batting: RHB Vicente Torres
|
0-0: Fly out, F9 (Flyball, 9M)
|
Bottom of the 2nd over - 0 run(s), 1 hit(s), 1 error(s), 3 left on base; Key West 0 - West Virginia 1 |
TOP OF THE 3RD |
Key West Barracudas batting - Pitching for West Virginia Power : RHP Enrique Rúbio
|
Batting: RHB Kenny Cole
|
0-0: Ball 1-0: Fly out, F3 (Popup, 3F)
|
Batting: RHB Alfredo Pineda
|
0-0: Ball 1-0: Ball 2-0: Called Strike 2-1: Ground out 6-3 (Groundball, 6M)
|
Batting: RHB Zander Tremblett
|
0-0: Ball 1-0: Foul Ball, location: 2F 1-1: Called Strike 1-2: Strikes out swinging
|
Top of the 3rd over - 0 run(s), 0 hit(s), 0 error(s), 0 left on base; Key West 0 - West Virginia 1 |
BOTTOM OF THE 3RD |
West Virginia Power batting - Pitching for Key West Barracudas : LHP Pedro Santana
|
Batting: RHB Wilson Gonzáles
|
0-0: Ball 1-0: Ball 2-0: Swinging Strike 2-1: Ground out 5-3 (Groundball, 5S)
|
Batting: RHB Cristián Herrera
|
0-0: Ball 1-0: Foul Ball, location: 2F 1-1: Ball 2-1: Ball 3-1: Base on Balls
|
Batting: LHB Ernie Jackson
|
0-0: Ball 1-0: Foul Ball, location: 2F 1-1: Fielders Choice at 2nd, 3-6 (Groundball, 3)
|
Batting: RHB Raúl Torres
|
0-0: Ball 1-0: Foul Ball, location: 2F 1-1: Ball 2-1: Swinging Strike 2-2: Strikes out swinging
|
Bottom of the 3rd over - 0 run(s), 0 hit(s), 0 error(s), 1 left on base; Key West 0 - West Virginia 1 |
TOP OF THE 4TH |
Key West Barracudas batting - Pitching for West Virginia Power : RHP Enrique Rúbio
|
Batting: SHB Rodney Birling
|
0-0: Called Strike 0-1: Called Strike 0-2: Ball 1-2: Ball 2-2: Strikes out looking
|
Batting: SHB Patrick Larson
|
0-0: Ball 1-0: Swinging Strike 1-1: Called Strike 1-2: Foul Ball, location: 2F 1-2: Foul Ball, location: 2F 1-2: Ball 2-2: Ball 3-2: Foul Ball, location: 2F 3-2: Strikes out swinging
|
Batting: SHB Víctor Serrano
|
0-0: Ball 1-0: Called Strike 1-1: Ball 2-1: Ball 3-1: Swinging Strike 3-2: Foul Ball, location: 2F 3-2: Base on Balls
|
Batting: RHB Carlos Miranda
|
0-0: Ball 1-0: Ball 2-0: Ground out 4-3 (Groundball, 4)
|
Top of the 4th over - 0 run(s), 0 hit(s), 0 error(s), 1 left on base; Key West 0 - West Virginia 1 |
BOTTOM OF THE 4TH |
West Virginia Power batting - Pitching for Key West Barracudas : LHP Pedro Santana
|
Batting: RHB Tyler Baker
|
0-0: Ball 1-0: Called Strike 1-1: Ball 2-1: Ball 3-1: Called Strike 3-2: Strikes out looking
|
Batting: RHB Jorge Ramírez
|
0-0: Ball 1-0: Ball 2-0: Ball 3-0: Base on Balls
|
Batting: LHB Luis Pérez
|
0-0: Called Strike 0-1: Foul Ball, location: 2F 0-2: Ball 1-2: Strikes out looking
|
Batting: RHB Alfonso Huertas
|
0-0: Foul Ball, location: 2F 0-1: Ball 1-1: Ball 2-1: Ground out 4-3 (Groundball, 4)
|
Bottom of the 4th over - 0 run(s), 0 hit(s), 0 error(s), 1 left on base; Key West 0 - West Virginia 1 |
TOP OF THE 5TH |
Key West Barracudas batting - Pitching for West Virginia Power : RHP Enrique Rúbio
|
Batting: RHB Dan Craft
|
0-0: Foul Ball, location: 2F 0-1: SINGLE (Groundball, 6)
|
Batting: LHB Jake Wells
|
0-0: Called Strike 0-1: Ball 1-1: Foul Ball, location: 2F 1-2: Foul Ball, location: 2F 1-2: Grounds into double play, 4-6-3 (Groundball, 4)
|
Batting: RHB Kenny Cole
|
0-0: Ball 1-0: Called Strike 1-1: Ball 2-1: Foul Ball, location: 2F 2-2: Ground out 5-3 (Groundball, 56)
|
Top of the 5th over - 0 run(s), 1 hit(s), 0 error(s), 0 left on base; Key West 0 - West Virginia 1 |
BOTTOM OF THE 5TH |
West Virginia Power batting - Pitching for Key West Barracudas : LHP Pedro Santana
|
Batting: RHB Vicente Torres
|
0-0: Foul Ball, location: 2F 0-1: Ball 1-1: Swinging Strike 1-2: Foul Ball, location: 2F 1-2: Foul Ball, location: 2F 1-2: Foul Ball, location: 2F 1-2: Fly out, F7 (Flyball, 7D)
|
Batting: RHB Wilson Gonzáles
|
0-0: Ball 1-0: Swinging Strike 1-1: Ball 2-1: Ball 3-1: Ground out 6-3 (Groundball, 6)
|
Batting: RHB Cristián Herrera
|
0-0: Ball 1-0: Ball Single, Error in OF, E7, batter to second base
|
Batting: LHB Ernie Jackson
|
0-0: Foul Ball, location: 2F 0-1: Ball 1-1: Ball 2-1: Ground out 4-3 (Groundball, 4)
|
Bottom of the 5th over - 0 run(s), 1 hit(s), 1 error(s), 1 left on base; Key West 0 - West Virginia 1 |
TOP OF THE 6TH |
Key West Barracudas batting - Pitching for West Virginia Power : RHP Enrique Rúbio
|
Batting: RHB Alfredo Pineda
|
0-0: Foul Ball, location: 2F 0-1: Fly out, F4 (Popup, 4)
|
Batting: RHB Zander Tremblett
|
0-0: Ball 1-0: Ground out 6-3 (Groundball, 6)
|
Batting: SHB Rodney Birling
|
0-0: Ground out U3 (Groundball, 3L)
|
Top of the 6th over - 0 run(s), 0 hit(s), 0 error(s), 0 left on base; Key West 0 - West Virginia 1 |
BOTTOM OF THE 6TH |
West Virginia Power batting - Pitching for Key West Barracudas : LHP Pedro Santana
|
Pitching: RHP José García
|
|
Batting: RHB Raúl Torres
|
0-0: Called Strike 0-1: SINGLE (Groundball, 6MD)
|
Batting: RHB Tyler Baker
|
0-0: Ball 1-0: Foul Ball, location: 2F 1-1: Foul Ball, location: 2F 1-2: Strikes out swinging
|
Batting: RHB Jorge Ramírez
|
0-0: Foul Ball, location: 2F Balk! Raúl Torres to second 0-1: Foul Ball, location: 2F 0-2: Ball 1-2: Ball 2-2: Foul Ball, location: 2F 2-2: Strikes out swinging
|
Batting: LHB Luis Pérez
|
0-0: Ball 1-0: Ball 2-0: Called Strike 2-1: Ball 3-1: Base on Balls
|
Batting: RHB Alfonso Huertas
|
0-0: Ball 1-0: Called Strike 1-1: SINGLE (Line Drive, 8RS) Raúl Torres to third Luis Pérez to second Runner from 3rd tries for Home, SAFE, no throw or cutoff
|
Batting: RHB Vicente Torres
|
0-0: Foul Ball, location: 2F Reached via error on a dropped throw, E3 Luis Pérez to third Alfonso Huertas to second
|
Batting: RHB Wilson Gonzáles
|
0-0: Called Strike 0-1: Ball 1-1: Foul Ball, location: 2F 1-2: Foul Ball, location: 2F 1-2: Strikes out swinging
|
Bottom of the 6th over - 1 run(s), 2 hit(s), 1 error(s), 3 left on base; Key West 0 - West Virginia 2 |
TOP OF THE 7TH |
Key West Barracudas batting - Pitching for West Virginia Power : RHP Enrique Rúbio
|
Batting: SHB Patrick Larson
|
0-0: Ball 1-0: Ball 2-0: Fly out, F4 (Popup, 4M)
|
Batting: SHB Víctor Serrano
|
0-0: Ball 1-0: Ball 2-0: Ball 3-0: Base on Balls
|
Batting: RHB Carlos Miranda
|
0-0: Called Strike 0-1: Called Strike 0-2: Ball 1-2: Foul Ball, location: 2F 1-2: Ball 2-2: Foul Ball, location: 2F 2-2: Foul Ball, location: 2F 2-2: Fly out, F9 (Flyball, 9M)
|
Batting: RHB Dan Craft
|
0-0: Ball 1-0: Foul Ball, location: 2F 1-1: Ball 2-1: Foul Ball, location: 2F 2-2: Strikes out swinging
|
Top of the 7th over - 0 run(s), 0 hit(s), 0 error(s), 1 left on base; Key West 0 - West Virginia 2 |
BOTTOM OF THE 7TH |
West Virginia Power batting - Pitching for Key West Barracudas : RHP José García
|
Batting: RHB Cristián Herrera
|
0-0: Ball 1-0: Ball 2-0: Ball 3-0: Base on Balls
|
Pitching: LHP Lynn White
|
|
Batting: LHB Ernie Jackson
|
0-0: Ball 1-0: Ball 2-0: Ball 3-0: Called Strike 3-1: Foul Ball, location: 2F 3-2: Base on Balls Cristián Herrera to second
|
Pitching: RHP Tom Clement
|
|
Batting: RHB Raúl Torres
|
0-0: Bunted foul 0-1: Ball 1-1: Bunted foul 1-2: Grounds into double play, U4-3 (Groundball, 4) Cristián Herrera to third
|
Batting: RHB Tyler Baker
|
0-0: Ball 1-0: DOUBLE (Flyball, 78D) Cristián Herrera scores
|
Batting: RHB Jorge Ramírez
|
0-0: Called Strike 0-1: Ground out 1-3 (Groundball, 23)
|
Bottom of the 7th over - 1 run(s), 1 hit(s), 0 error(s), 1 left on base; Key West 0 - West Virginia 3 |
TOP OF THE 8TH |
Key West Barracudas batting - Pitching for West Virginia Power : RHP Enrique Rúbio
|
Batting: LHB Jake Wells
|
0-0: Ball 1-0: SINGLE (Line Drive, 89S)
|
Batting: RHB Kenny Cole
|
0-0: Called Strike 0-1: Ball 1-1: Swinging Strike 1-2: Ball 2-2: Ball 3-2: Base on Balls Jake Wells to second
|
Batting: RHB Alfredo Pineda
|
0-0: Foul Ball, location: 2F 0-1: Ball 1-1: Fly out, F4 (Line Drive, 4M)
|
Batting: RHB Zander Tremblett
|
0-0: Swinging Strike 0-1: Foul Ball, location: 2F 0-2: Grounds into double play, 4-6-3 (Groundball, 4)
|
Top of the 8th over - 0 run(s), 1 hit(s), 0 error(s), 1 left on base; Key West 0 - West Virginia 3 |
BOTTOM OF THE 8TH |
West Virginia Power batting - Pitching for Key West Barracudas : RHP Tom Clement
|
Batting: LHB Luis Pérez
|
0-0: Called Strike 0-1: Ground out 6-3 (Groundball, 6)
|
Batting: RHB Alfonso Huertas
|
0-0: Ball 1-0: Swinging Strike 1-1: Ball 2-1: Ball 3-1: Foul Ball, location: 2F 3-2: Base on Balls
|
Batting: RHB Vicente Torres
|
0-0: Called Strike 0-1: Foul Ball, location: 2F 0-2: Ball 1-2: SINGLE (Flyball, 7S) Alfonso Huertas to second
|
Batting: RHB Wilson Gonzáles
|
0-0: Ball 1-0: Ball 2-0: Ball 3-0: Called Strike 3-1: Foul Ball, location: 2F 3-2: Foul Ball, location: 2F 3-2: Base on Balls Alfonso Huertas to third Vicente Torres to second
|
Batting: RHB Cristián Herrera
|
0-0: Ball 1-0: Fly out, F5 (Popup, 15)
|
Batting: LHB Ernie Jackson
|
0-0: Ball 1-0: Ball 2-0: Ball 3-0: Foul Ball, location: 2F 3-1: Base on Balls Alfonso Huertas scores Vicente Torres to third Wilson Gonzáles to second
|
Pitching: RHP Carlos Molina
|
|
Batting: RHB Raúl Torres
|
0-0: Called Strike 0-1: SINGLE (Groundball, 34) (infield hit) Vicente Torres scores Wilson Gonzáles to third Ernie Jackson to second
|
Batting: RHB Tyler Baker
|
0-0: Ball 1-0: Ball 2-0: SINGLE (Line Drive, 78S) Wilson Gonzáles scores Ernie Jackson to third Raúl Torres to second Runner from 3rd tries for Home, SAFE, no throw or cutoff
|
Batting: RHB Jorge Ramírez
|
0-0: Swinging Strike 0-1: Ball 1-1: Ground out 4-3 (Groundball, 4)
|
Bottom of the 8th over - 4 run(s), 3 hit(s), 0 error(s), 2 left on base; Key West 0 - West Virginia 7 |
TOP OF THE 9TH |
Key West Barracudas batting - Pitching for West Virginia Power : RHP Enrique Rúbio
|
Batting: SHB Rodney Birling
|
0-0: SINGLE (Groundball, 34)
|
Batting: SHB Patrick Larson
|
0-0: Ball 1-0: Ball 2-0: Ball 3-0: Base on Balls Rodney Birling to second
|
Batting: SHB Víctor Serrano
|
0-0: Ball 1-0: Ball 2-0: Ball 3-0: Base on Balls Rodney Birling to third Patrick Larson to second
|
Batting: RHB Carlos Miranda
|
0-0: Called Strike 0-1: Called Strike 0-2: Ball 1-2: Foul Ball, location: 2F 1-2: SINGLE (Line Drive, 4MD) Rodney Birling scores Patrick Larson to third Víctor Serrano to second Runner from 3rd tries for Home, throw and OUT! Víctor Serrano to third Carlos Miranda to second
|
Pitching: RHP Howard Baker
|
|
Batting: RHB Dan Craft
|
0-0: Ball 1-0: Foul Ball, location: 2F 1-1: SINGLE (Line Drive, 8LS) Víctor Serrano scores Carlos Miranda to third Runner from 3rd tries for Home, SAFE, no throw or cutoff
|
Batting: LHB Jake Wells
|
0-0: Ball 1-0: Called Strike 1-1: Swinging Strike 1-2: Foul Ball, location: 2F 1-2: Foul Ball, location: 2F 1-2: Foul Ball, location: 2F 1-2: Ball 2-2: Strikes out swinging
|
Batting: RHB Kenny Cole
|
0-0: Foul Ball, location: 2F 0-1: Called Strike 0-2: SINGLE (Line Drive, 78S) Dan Craft to second
|
Batting: RHB Alfredo Pineda
|
0-0: Ball Wild Pitch! Dan Craft to third Kenny Cole to second 1-0: Called Strike 1-1: Foul Ball, location: 2F 1-2: Foul Ball, location: 2F 1-2: Foul Ball, location: 2F 1-2: Ground out 4-3 (Groundball, 4S)
|
Top of the 9th over - 3 run(s), 4 hit(s), 0 error(s), 2 left on base; Key West 3 - West Virginia 7 |
|